TOP OF THE 1ST |
Fort Wayne TinCaps batting - Pitching for Dayton Dragons : RHP Angel Cerros
|
Pitching: RHP Angel Cerros
|
|
Batting: SHB Yutaro Takahashi
|
0-0: Ball 1-0: Bunt for hit to 25 - play at first, batter safe!
|
Batting: RHB Danny Loyola
|
0-0: Ball Yutaro Takahashi is caught stealing 2nd base 2-4 1-0: Called Strike 1-1: Called Strike 1-2: Fly out, F8 (Flyball, 8LM, EV 90.0 MPH)
|
Batting: LHB Jeremy DiGenova
|
0-0: Ball 1-0: Swinging Strike 1-1: Ground out 5-3 (Groundball, 6, EV 103.1 MPH)
|
Top of the 1st over - 0 runs, 1 hit, 0 errors, 0 left on base; Fort Wayne 0 - Dayton 0 |
BOTTOM OF THE 1ST |
Dayton Dragons batting - Pitching for Fort Wayne TinCaps : RHP David Deon
|
Pitching: RHP David Deon
|
|
Batting: LHB Fernando Gomez
|
0-0: Fly out, F8 (Line Drive, 78M, EV 103.1 MPH)
|
Batting: LHB Keith Egan
|
0-0: Foul Ball, location: 2F 0-1: Ball 1-1: Foul Ball, location: 2F 1-2: Ground out 4-3 (Groundball, 4, EV 88.1 MPH)
|
Batting: RHB Randy Grewe
|
0-0: Called Strike 0-1: Ball 1-1: Ground out 5-3 (Groundball, 56S, EV 81.2 MPH)
|
Bottom of the 1st over - 0 runs, 0 hits, 0 errors, 0 left on base; Fort Wayne 0 - Dayton 0 |
TOP OF THE 2ND |
Fort Wayne TinCaps batting - Pitching for Dayton Dragons : RHP Angel Cerros
|
Batting: RHB Alex Vasquez
|
0-0: Ball 1-0: Fly out, F8 (Line Drive, 8LS, EV 89.4 MPH)
|
Batting: LHB Conor Barron
|
0-0: Ball 1-0: Swinging Strike 1-1: Foul Ball, location: 2F 1-2: Foul Ball, location: 2F 1-2: Ball 2-2: Strikes out swinging
|
Batting: LHB Ramon Vega
|
0-0: Foul Ball, location: 2F 0-1: Ground out 6-3 (Groundball, 6, EV 80.6 MPH)
|
Top of the 2nd over - 0 runs, 0 hits, 0 errors, 0 left on base; Fort Wayne 0 - Dayton 0 |
BOTTOM OF THE 2ND |
Dayton Dragons batting - Pitching for Fort Wayne TinCaps : RHP David Deon
|
Batting: RHB Danny Real
|
0-0: Ball 1-0: Ball 2-0: Swinging Strike 2-1: Foul Ball, location: 2F 2-2: SINGLE (Groundball, P, EV 88.8 MPH) (infield hit)
|
Batting: LHB Matthew Berry
|
0-0: Fly out, F7 (Flyball, 7D, EV 92.5 MPH)
|
Batting: SHB Tim Utz
|
0-0: Ball Danny Real steals 2nd base 1-0: Reached on error, E3 (Groundball, 34D, EV 103.1 MPH) Danny Real to third
|
Batting: RHB Mark Williams
|
0-0: Grounds into double play, 5-4-3 (Groundball, 5S, EV 85.6 MPH)
|
Bottom of the 2nd over - 0 runs, 1 hit, 1 error, 1 left on base; Fort Wayne 0 - Dayton 0 |
TOP OF THE 3RD |
Fort Wayne TinCaps batting - Pitching for Dayton Dragons : RHP Angel Cerros
|
Batting: RHB Davey Verhoog
|
0-0: Foul Ball, location: 2F 0-1: Swinging Strike 0-2: Strikes out swinging
|
Batting: SHB Mike Kirk
|
0-0: Called Strike 0-1: Swinging Strike 0-2: Ball 1-2: Strikes out swinging
|
Batting: RHB David Reyna
|
0-0: Called Strike 0-1: Swinging Strike 0-2: Ball 1-2: Ball 2-2: Foul Ball, location: 2F 2-2: SINGLE (Line Drive, 7S, EV 106.2 MPH)
|
Batting: SHB Yutaro Takahashi
|
0-0: Ball 1-0: Swinging Strike 1-1: Foul Ball, location: 2F 1-2: Ball 2-2: Foul Ball, location: 2F 2-2: Foul Ball, location: 2F 2-2: Strikes out swinging
|
Top of the 3rd over - 0 runs, 1 hit, 0 errors, 1 left on base; Fort Wayne 0 - Dayton 0 |
BOTTOM OF THE 3RD |
Dayton Dragons batting - Pitching for Fort Wayne TinCaps : RHP David Deon
|
Batting: SHB Alex Morales
|
0-0: Foul Ball, location: 2F 0-1: Swinging Strike 0-2: Ball 1-2: Ball 2-2: Strikes out looking
|
Batting: RHB Cyd Carver
|
0-0: Ground out U3 (Groundball, 34, EV 85.6 MPH)
|
Batting: LHB Fernando Gomez
|
0-0: Called Strike 0-1: Ball 1-1: Swinging Strike 1-2: Ball 2-2: Ball 3-2: Base on Balls
|
Batting: LHB Keith Egan
|
0-0: Fly out, F9 (Line Drive, 89S, EV 110.6 MPH)
|
Bottom of the 3rd over - 0 runs, 0 hits, 0 errors, 1 left on base; Fort Wayne 0 - Dayton 0 |
TOP OF THE 4TH |
Fort Wayne TinCaps batting - Pitching for Dayton Dragons : RHP Angel Cerros
|
Batting: RHB Danny Loyola
|
0-0: Ball 1-0: Foul Ball, location: 2F 1-1: Ball 2-1: Foul Ball, location: 2F 2-2: Foul Ball, location: 2F 2-2: Hit by Pitch
|
Batting: LHB Jeremy DiGenova
|
0-0: Called Strike 0-1: Called Strike Danny Loyola is caught stealing 2nd base 2-6 0-2: Hit by Pitch
|
Batting: RHB Alex Vasquez
|
0-0: Ball 1-0: SINGLE (Groundball, 56D, EV 96.9 MPH) Jeremy DiGenova to second
|
Batting: LHB Conor Barron
|
0-0: SINGLE (Groundball, 34S, EV 63.1 MPH) (infield hit) Jeremy DiGenova to third Alex Vasquez to second
|
Batting: LHB Ramon Vega
|
0-0: Called Strike 0-1: Swinging Strike 0-2: SINGLE (Line Drive, 34, EV 102.5 MPH) Jeremy DiGenova scores Alex Vasquez to third Conor Barron to second
|
Batting: RHB Davey Verhoog
|
0-0: Foul Ball, location: 2F 0-1: Foul Ball, location: 2F 0-2: Strikes out looking
|
Batting: SHB Mike Kirk
|
0-0: Called Strike 0-1: Foul Ball, location: 2F 0-2: Foul Ball, location: 2F 0-2: Strikes out swinging
|
Top of the 4th over - 1 run, 3 hits, 0 errors, 3 left on base; Fort Wayne 1 - Dayton 0 |
BOTTOM OF THE 4TH |
Dayton Dragons batting - Pitching for Fort Wayne TinCaps : RHP David Deon
|
Batting: RHB Randy Grewe
|
0-0: Foul Ball, location: 2F 0-1: Ball 1-1: Fly out, F8 (Flyball, 78S, EV 90.6 MPH)
|
Batting: RHB Danny Real
|
0-0: Called Strike 0-1: Swinging Strike 0-2: Ground out 6-3 (Groundball, 6, EV 84.4 MPH)
|
Batting: LHB Matthew Berry
|
0-0: Ball 1-0: Ball 2-0: Foul Ball, location: 2F 2-1: Ball 3-1: Base on Balls
|
Batting: SHB Tim Utz
|
0-0: Called Strike 0-1: Ball 1-1: Foul Ball, location: 2F 1-2: Strikes out swinging
|
Bottom of the 4th over - 0 runs, 0 hits, 0 errors, 1 left on base; Fort Wayne 1 - Dayton 0 |
TOP OF THE 5TH |
Fort Wayne TinCaps batting - Pitching for Dayton Dragons : RHP Angel Cerros
|
Batting: RHB David Reyna
|
0-0: Ball 1-0: Swinging Strike 1-1: Foul Ball, location: 2F 1-2: Strikes out swinging
|
Batting: SHB Yutaro Takahashi
|
0-0: Called Strike 0-1: Ball 1-1: Ball 2-1: Called Strike 2-2: Ball 3-2: Foul Ball, location: 2F 3-2: Strikes out swinging
|
Batting: RHB Danny Loyola
|
0-0: Ball 1-0: Foul Ball, location: 2F 1-1: Foul Ball, location: 2F 1-2: Strikes out looking
|
Top of the 5th over - 0 runs, 0 hits, 0 errors, 0 left on base; Fort Wayne 1 - Dayton 0 |
BOTTOM OF THE 5TH |
Dayton Dragons batting - Pitching for Fort Wayne TinCaps : RHP David Deon
|
Batting: RHB Mark Williams
|
0-0: Ball 1-0: Ground out 4-3 (Groundball, 4D, EV 104.4 MPH)
|
Batting: SHB Alex Morales
|
0-0: Ball 1-0: Ground out 4-3 (Groundball, 4, EV 105.0 MPH)
|
Batting: RHB Cyd Carver
|
0-0: Ball 1-0: Foul Ball, location: 2F 1-1: Ball 2-1: Foul Ball, location: 2F 2-2: Fly out, F9 (Flyball, 9S, EV 91.2 MPH)
|
Bottom of the 5th over - 0 runs, 0 hits, 0 errors, 0 left on base; Fort Wayne 1 - Dayton 0 |
TOP OF THE 6TH |
Fort Wayne TinCaps batting - Pitching for Dayton Dragons : RHP Angel Cerros
|
Batting: LHB Jeremy DiGenova
|
0-0: Fly out, F9 (Flyball, 9D, EV 103.8 MPH)
|
Batting: RHB Alex Vasquez
|
0-0: Swinging Strike 0-1: Fly out, F8 (Flyball, 89D, EV 102.5 MPH)
|
Batting: LHB Conor Barron
|
0-0: Ball 1-0: Swinging Strike 1-1: Ball 2-1: Fly out, F7 (Line Drive, 7, EV 94.4 MPH)
|
Top of the 6th over - 0 runs, 0 hits, 0 errors, 0 left on base; Fort Wayne 1 - Dayton 0 |
BOTTOM OF THE 6TH |
Dayton Dragons batting - Pitching for Fort Wayne TinCaps : RHP David Deon
|
Batting: LHB Fernando Gomez
|
0-0: Called Strike 0-1: Ball 1-1: Foul Ball, location: 2F 1-2: Ball 2-2: Ball 3-2: Foul Ball, location: 2F 3-2: SINGLE (Groundball, 4M, EV 96.9 MPH) (infield hit)
|
Batting: LHB Keith Egan
|
0-0: Foul Ball, location: 2F 0-1: Called Strike 0-2: Ball 1-2: Ball 2-2: Foul Ball, location: 2F 2-2: Foul Ball, location: 2F 2-2: Foul Ball, location: 2F 2-2: SINGLE (Groundball, 34D, EV 83.1 MPH) (infield hit) Fernando Gomez to second
|
Batting: RHB Randy Grewe
|
0-0: Foul Ball, location: 2F 0-1: Foul Ball, location: 2F 0-2: Strikes out swinging
|
Batting: RHB Danny Real
|
0-0: Ball 1-0: Swinging Strike 1-1: Ball 2-1: Ball 3-1: Base on Balls Fernando Gomez to third Keith Egan to second
|
Batting: LHB Matthew Berry
|
0-0: Ball 1-0: Called Strike 1-1: Swinging Strike 1-2: Ball 2-2: Ball 3-2: Foul Ball, location: 2F 3-2: GRAND SLAM HOME RUN (Flyball, 9D, EV 94.4 MPH), Distance : 362 ft
|
Batting: SHB Tim Utz
|
0-0: Called Strike 0-1: Foul Ball, location: 2F 0-2: Strikes out swinging, 2-3 out at first.
|
Batting: RHB Mark Williams
|
0-0: Foul Ball, location: 2F 0-1: SINGLE (Groundball, 6MD, EV 105.0 MPH)
|
Pitching: LHP Brennan Duncan
|
|
Batting: SHB Alex Morales
|
0-0: Foul Ball, location: 2F 0-1: Swinging Strike 0-2: Ball 1-2: Foul Ball, location: 2F 1-2: Foul Ball, location: 2F 1-2: Fielders Choice at 2nd, 5-4 (Groundball, 56, EV 105.6 MPH)
|
Bottom of the 6th over - 4 runs, 4 hits, 0 errors, 1 left on base; Fort Wayne 1 - Dayton 4 |
TOP OF THE 7TH |
Fort Wayne TinCaps batting - Pitching for Dayton Dragons : RHP Angel Cerros
|
Batting: LHB Ramon Vega
|
0-0: Ball 1-0: Fly out, F5 (Line Drive, 56, EV 66.2 MPH)
|
Batting: RHB Davey Verhoog
|
0-0: Ball 1-0: Ball 2-0: Foul Ball, location: 2F 2-1: Called Strike 2-2: TRIPLE (Flyball, 89XD, EV 105.6 MPH)
|
Batting: SHB Mike Kirk
|
0-0: SINGLE (Groundball, 4M, EV 98.8 MPH) (infield hit) Davey Verhoog scores
|
Batting: RHB David Reyna
|
0-0: Called Strike 0-1: Ball 1-1: Foul Ball, location: 2F 1-2: Ball 2-2: Fielders Choice at 2nd, 3-6 (Groundball, 34D, EV 89.4 MPH)
|
Batting: SHB Yutaro Takahashi
|
0-0: Ball 1-0: DOUBLE (Line Drive, 78M, EV 111.9 MPH) David Reyna to third Runner from 3rd tries for Home, throw by LF and OUT! 7-6-2
|
Top of the 7th over - 1 run, 3 hits, 0 errors, 1 left on base; Fort Wayne 2 - Dayton 4 |
BOTTOM OF THE 7TH |
Dayton Dragons batting - Pitching for Fort Wayne TinCaps : LHP Brennan Duncan
|
Batting: RHB Cyd Carver
|
0-0: Called Strike 0-1: SINGLE (Line Drive, 9S, EV 105.6 MPH)
|
Batting: LHB Fernando Gomez
|
0-0: Ball 1-0: Fielders Choice at 2nd, 6-4 (Groundball, 6, EV 78.8 MPH)
|
Batting: LHB Keith Egan
|
0-0: Swinging Strike 0-1: Ball 1-1: Swinging Strike 1-2: Foul Ball, location: 2F 1-2: Strikes out swinging
|
Batting: RHB Randy Grewe
|
0-0: Ball 1-0: Ball Fernando Gomez is caught stealing 2nd base 2-4
|
Bottom of the 7th over - 0 runs, 1 hit, 0 errors, 0 left on base; Fort Wayne 2 - Dayton 4 |
TOP OF THE 8TH |
Fort Wayne TinCaps batting - Pitching for Dayton Dragons : RHP Angel Cerros
|
Now at 2B: Akira Yamano
|
|
Now at SS: Juan Zamora
|
|
Batting: RHB Danny Loyola
|
0-0: Ball 1-0: Foul Ball, location: 2F 1-1: Ball 2-1: Called Strike 2-2: Ground out 6-3 (Groundball, 6, EV 108.1 MPH)
|
Pitching: RHP Victor Uriegas
|
|
Batting: LHB Jeremy DiGenova
|
0-0: Fly out, F8 (Flyball, 8RS, EV 91.9 MPH)
|
Batting: RHB Alex Vasquez
|
0-0: Ball 1-0: Ball 2-0: Called Strike 2-1: Ball 3-1: Called Strike 3-2: Fly out, F8 (Flyball, 8RS, EV 78.1 MPH)
|
Top of the 8th over - 0 runs, 0 hits, 0 errors, 0 left on base; Fort Wayne 2 - Dayton 4 |
BOTTOM OF THE 8TH |
Dayton Dragons batting - Pitching for Fort Wayne TinCaps : LHP Brennan Duncan
|
Pitching: LHP Dan Clausing
|
|
Batting: RHB Randy Grewe
|
0-0: Called Strike 0-1: Swinging Strike 0-2: Strikes out looking
|
Batting: RHB Danny Real
|
0-0: Ball 1-0: Swinging Strike 1-1: Foul Ball, location: 2F 1-2: Ball 2-2: Strikes out looking
|
Batting: LHB Matthew Berry
|
0-0: Called Strike 0-1: Ball 1-1: Ball 2-1: Foul Ball, location: 2F 2-2: Ball 3-2: Foul Ball, location: 2F 3-2: Base on Balls
|
Batting: SHB Tim Utz
|
0-0: Swinging Strike 0-1: Foul Ball, location: 2F 0-2: Ball 1-2: Ball 2-2: Strikes out swinging
|
Bottom of the 8th over - 0 runs, 0 hits, 0 errors, 1 left on base; Fort Wayne 2 - Dayton 4 |
TOP OF THE 9TH |
Fort Wayne TinCaps batting - Pitching for Dayton Dragons : RHP Victor Uriegas
|
Pitching: RHP Giovonni Morgia
|
|
Now at 1B: Dave Ruiz
|
|
Batting: LHB Conor Barron
|
0-0: Called Strike 0-1: Swinging Strike 0-2: Strikes out swinging
|
Batting: LHB Ramon Vega
|
0-0: Called Strike 0-1: Ball 1-1: Ball 2-1: Ground out 4-3 (Groundball, 34, EV 100.6 MPH)
|
Batting: RHB Davey Verhoog
|
0-0: Called Strike 0-1: Ball 1-1: Swinging Strike 1-2: Strikes out swinging
|
Top of the 9th over - 0 runs, 0 hits, 0 errors, 0 left on base; Fort Wayne 2 - Dayton 4 |
|